 Dungeon Crawl Stone Soup version 0.22-a0-367-gb72a975701 (webtiles) character file.

38 Laan the Conjurer (level 3, -9/26 HPs)
             Began as a Demigod Conjurer on Apr 22, 2018.
             Killed by divine providence
             ... invoked by an orc priest
              (14 damage)
             ... on level 2 of the Dungeon.
             The game lasted 00:03:29 (1836 turns).

Laan the Conjurer (Demigod Conjurer)                Turns: 1836, Time: 00:03:30

Health: -9/26      AC:  6    Str: 11    XL:     3   Next: 10%
Magic:  0/9        EV: 12    Int: 21    God:
Gold:   40         SH:  0    Dex: 16    Spells: 3/6 levels left

rFire    . . .     SeeInvis .   i - -2 dagger (curse)
rCold    . . .     Gourm    .   (no shield)
rNeg     . . .     Faith    .   a - +1 robe
rPois    .         Spirit   .   (no helmet)
rElec    .         Reflect  .   (no cloak)
rCorr    .         Harm     .   (no gloves)
MR       .....                  j - +2 pair of boots
Stlth    ++........             (no amulet)
HPRegen  0.08/turn              (no ring)
MPRegen  0.11/turn              (no ring)

@: no status effects
A: high mp 1
a: no special abilities


You were on level 2 of the Dungeon.
You were not hungry.

You visited 1 branch of the dungeon, and saw 2 of its levels.

You collected 40 gold pieces.

Inventory:

Hand Weapons
 f - a +1 short sword
 i - a cursed -2 dagger (weapon)
Missiles
 g - 113 stones (quivered)
Armour
 a - a +1 robe (worn)
 j - a +2 pair of boots (worn)
Scrolls
 b - a scroll of identify
Potions
 d - a potion of lignification
 k - 2 potions of curing {unknown}
 o - a potion of magic {unknown}
 q - a potion of berserk rage {unknown}
Comestibles
 c - 4 rations


   Skills:
 - Level 1.7 Dodging
 - Level 1.7 Stealth
 + Level 2.2 Spellcasting
 * Level 4.3 Conjurations


You had 3 spell levels left.
You knew the following spells:

 Your Spells              Type           Power        Failure   Level  Hunger
a - Magic Dart            Conj           ###.         2%          1    #......
b - Searing Ray           Conj           ###...       3%          2    ##.....


Dungeon Overview and Level Annotations

Branches:
Dungeon (2/15)


Innate Abilities, Weirdness & Mutations

You have an increased reservoir of magic. (+10% MP)


Message History

Confirm with . or Enter, or press ? or * to list all spells.
Aiming: Magic Dart (safe; 2% risk of failure)
Press: ? - help, Shift-Dir - straight line, f/p - orc priest
Aim: an orc priest, wielding a flail and wearing a scale mail (heavily wounded)
The magic dart hits the orc priest.
The orc priest is heavily wounded.
The orc priest calls down the wrath of Beogh upon you.
Pain shoots through your body!
* * * LOW HITPOINT WARNING * * *
Casting: Magic Dart (safe; 2% risk of failure)
Confirm with . or Enter, or press ? or * to list all spells.
Aiming: Magic Dart (safe; 2% risk of failure)
Press: ? - help, Shift-Dir - straight line, f/p - orc priest
Aim: an orc priest, wielding a flail and wearing a scale mail (heavily wounded)
The magic dart hits the orc priest.
The orc priest is severely wounded.
The orc priest mumbles some strange prayers to Beogh against you.
Beogh smites you!
Ouch! That really hurt!
You die...

#... . # ##############.# ..# #
########..............# ..##
#........#####.#.#.#..## # ..
#<#####..#####..###....###..#.##
#.##...........<.#.#K...........
#.##.#########.##.##.#.#########
#.#### ###.#)......<..# #..#
#...@...o.####.# ####
#####.##### #.# #.# #.# ). #o#
.## #.# #### .. .##. #.###...
### ....##.# #....o.. #.#
....##.#####.###... ####.##
....##.##....# ####


You could see an orc priest.

Vanquished Creatures
  A worm (D:2)
  A dart slug (D:1)
  A leopard gecko (D:2)
  An orc (D:2)
  6 bats
  A giant cockroach (D:2)
  5 goblins
  3 hobgoblins (D:1)
  A ball python (D:2)
  5 kobolds
  5 rats
30 creatures vanquished.

Notes
Turn   | Place    | Note
-------+----------+-------------------------------------------
     0 | D:1      | Laan the Demigod Conjurer began the quest for the Orb.
     0 | D:1      | Reached XP level 1. HP: 14/14 MP: 5/5
   314 | D:1      | Reached skill level 4 in Conjurations
   314 | D:1      | Reached XP level 2. HP: 17/20 MP: 2/7
  1501 | D:2      | Reached XP level 3. HP: 26/26 MP: 5/9
  1539 | D:2      | Found a stormy altar of Qazlal.
  1635 | D:2      | Noticed an orc warrior
  1752 | D:1      | Learned a level 2 spell: Searing Ray
  1836 | D:2      | Killed from afar by an orc priest

Vault maps used:
D:1:      dpeg_arrival_erosion, minmay_strange_pillars
D:2:      cheibrodos_greedy_goblins, lemuel_round_altar, first_ration,
          grunt_qazlal_clouds

Skill      XL: |  1 |
---------------+----+-----
Spellcasting   | 2 |  2.2
Conjurations   | 4 |  4.3
Dodging        | |  1.7
Stealth        | |  1.7

Action                   || total
-------------------------++-------
Melee: Dagger            ||     3
 Cast: Magic Dart        ||    63
  Use: Scroll            ||     9
  Eat: Chunk             ||     3

Table legend:
 A = Spawn XP
 B = Non-spawn XP
 C = Spawn XP percentage of total XP
 D = Spawn monster count
 E = Non-spawn monster count
 F = Spawn count percentage of total count
 G = Total turns spent on level
                    A         B        C        D         E        F      G
               +---------+---------+-------+---------+---------+-------+---------
         Total |       0 |      55 |   0.0 |       0 |      30 |   0.0 |  1836
               +---------+---------+-------+---------+---------+-------+---------
           D:1 |       0 |      32 |   0.0 |       0 |      19 |   0.0 |  1200
           D:2 |       0 |      23 |   0.0 |       0 |      11 |   0.0 |   636
               +---------+---------+-------+---------+---------+-------+---------
